 Dungeon Crawl Stone Soup version 0.26-a0-835-g8259106e14 (webtiles) character file.

Game seed: 1944133887557042548

74806 lunkers the Spry (level 15, -2/130 HPs)
             Began as a Merfolk Gladiator on Nov 17, 2020.
             Was a High Priest of Okawaru.
             Slain by a sun demon (9 damage)
             ... summoned by an orc high priest
             ... on level 2 of the Orcish Mines.
             The game lasted 00:46:02 (21716 turns).

lunkers the Spry (Merfolk Gladiator)               Turns: 21716, Time: 00:46:03

Health: -2/130     AC: 15    Str: 16    XL:     15   Next: 48%
Magic:  18/18      EV: 19    Int:  7    God:    Okawaru [*****.]
Gold:   1686       SH:  5    Dex: 28    Spells: 14/14 levels left

rFire    + . .     SeeInvis .   a - +3 glaive (freeze)
rCold    + . .     Faith    .   (shield currently unavailable)
rNeg     . . .     Spirit   .   O - +4 chain mail of Polytheism {*Drain +Blink Regen+ Dex+7}
rPois    .         Reflect  +   c - +1 helmet
rElec    .         Harm     .   H - +1 cloak
rCorr    .         Rampage  .   N - +0 pair of gloves {archery}
MR       +....                  P - +1 pair of boots {Fly}
Stlth    ..........             S - amulet of reflection
HPRegen  0.71/turn              t - ring of protection from cold
MPRegen  0.16/turn              b - ring of protection from fire

@: liquid flames, about to teleport, corroded, flying, glowing
A: change form in water, swift swim, stealthy swim, low mp 1
a: Heroism, Finesse, Renounce Religion, Evoke Blink, Stop Flying


You were on level 2 of the Orcish Mines.
You worshipped Okawaru.
Okawaru was extremely pleased with you.
You visited 4 branches of the dungeon, and saw 21 of its levels.

You collected 1966 gold pieces.
You spent 280 gold pieces at shops.

Inventory:

Hand Weapons
 a - a +3 glaive of freezing (weapon)
 v - a +1 trident of protection
Missiles
 d - 6 throwing nets {=f}
 g - 39 poisoned darts (quivered)
Armour
 c - a +1 helmet (worn)
 C - +0 fire dragon scales
 D - +0 ice dragon scales
 H - a +1 cloak (worn)
 N - a +0 pair of gloves of archery (worn)
 O - the +4 chain mail of Polytheism (worn) {*Drain +Blink Regen+ Dex+7}
   (You found it on level 5 of the Dungeon)

   It affects your dexterity (+7).
   It lets you blink.
   It increases your rate of regeneration.
   It causes draining when unequipped.
 P - a +1 pair of boots of flying (worn)
 Q - a scarf of shadows
 X - a scarf of repulsion
 Z - the +3 ring mail of Utwez {MR+}
   (You bought it in a shop on level 2 of the Orcish Mines)

   It affects your resistance to hostile enchantments.
Jewellery
 b - a ring of protection from fire (right hand)
 t - a ring of protection from cold (left hand)
 y - an uncursed ring of see invisible
 F - an uncursed ring of protection from cold
 I - an uncursed ring of positive energy
 S - an amulet of reflection (around neck)
 T - an uncursed ring of protection from magic
Wands
 E - a wand of paralysis (9)
 K - a wand of flame (58)
 Y - a wand of polymorph (4)
Scrolls
 e - 6 scrolls of enchant weapon
 h - a scroll of brand weapon
 i - 2 scrolls of magic mapping
 j - 2 scrolls of enchant armour
 l - 6 scrolls of identify
 m - 3 scrolls of teleportation
 o - a scroll of fog
 q - 4 scrolls of remove curse
 s - a scroll of amnesia
 z - a scroll of silence
 V - a scroll of immolation
 W - a scroll of holy word
Potions
 f - 3 potions of brilliance
 k - 2 potions of resistance
 n - 11 potions of curing
 p - 9 potions of heal wounds
 r - 4 potions of flight
 u - 3 potions of attraction
 w - a potion of cancellation
 x - 2 potions of haste
 A - 2 potions of mutation
 G - 3 potions of might
 L - 2 potions of ambrosia
 M - a potion of lignification
 U - a potion of invisibility


   Skills:
 + Level 15.8 Fighting
 - Level 16.0 Polearms
 - Level 2.0 Throwing
 + Level 8.1 Armour
 + Level 16.7 Dodging
 - Level 8.0 Invocations
 + Level 6.8 Evocations


You had 14 spell levels left.
You didn't know any spells.
Your spell library contained the following spells:

 Spells                   Type           Power        Failure   Level
 Beastly Appendage        Tmut           #.....       99%         1
 Freeze                   Ice            #...         99%         1
 Sandblast                Erth           #.....       99%         1
 Summon Small Mammal      Summ           #...         99%         1
 Call Imp                 Summ           #.......     100%        2
 Passwall                 Tmut/Erth      #.......     100%        2
 Wereblood                Tmut           #.......     100%        2
 Call Canine Familiar     Summ           #.......     100%        3
 Confusing Touch          Hex            #.......     100%        3
 Frozen Ramparts          Ice            #.....       100%        3
 Gell's Gravitas          Tloc           #.........   100%        3
 Ozocubu's Armour         Ice            #.......     100%        3
 Spider Form              Tmut/Pois      #.........   100%        3
 Stone Arrow              Conj/Erth      #.....       100%        3
 Summon Guardian Golem    Hex/Summ       #.......     100%        3
 Hailstorm                Conj/Ice       #.......     100%        4
 Ice Form                 Ice/Tmut       #.......     100%        4
 Petrify                  Tmut/Erth      #.......     100%        4
 Summon Ice Beast         Ice/Summ       #.......     100%        4
 Summon Lightning Spire   Summ/Air       #.......     100%        4
 Blade Hands              Tmut           #.........   100%        5
 Lee's Rapid Deconstruct  Erth           #.........   100%        5
 Metabolic Englaciation   Hex/Ice        #.........   100%        5
 Yara's Violent Unravell  Hex/Tmut       #.........   100%        5


Dungeon Overview and Level Annotations

Branches:
Dungeon (12/15)            Temple (1/1) D:5            Lair (6/6) D:10
  Swamp (0/4) Lair:2       Spider (0/4) Lair:2        Slime (0/5) Lair:5
    Orc (2/2) D:12            Elf (0/3) Orc:2

Altars:
Ashenzari
Cheibriados
Dithmenos
Elyvilon
Fedhas
Gozag
Hepliaklqana
Kikubaaqudgha
Makhleb
Nemelex Xobeh
Okawaru
Qazlal
Ru
Sif Muna
Trog
Uskayaw
Vehumet
Wu Jian
Xom
Yredelemnul
Zin
The Shining One
Beogh

Shops:
D:6 =   D:10 ?   Orc:2 [:([

Portals:
Abyss: Orc:1

Annotations:
D:9 2 transporters, 3 runed translucent doors, Giavanni's ghost, novice FoFi
D:11 1 runed translucent door, Sun's ghost, journeyman DrTm
Orc:1 2 transporters, Pooter's ghost, journeyman HOFi


Innate Abilities, Weirdness & Mutations

You revert to your normal form in water.
You are very nimble and swift while swimming.
You are very stealthy in the water. (Stealth+)
Your magical capacity is low. (-10% MP)


Message History

The orc high priest misses you.
You are covered in liquid flames!
* * * LOW HITPOINT WARNING * * *
There is an open door, spattered with blood here.
Things that are here:
a +0 hand axe; a +0 scale mail; an orc corpse Unknown command.
Unknown command.
Unknown command.
Unknown command.
You are covered in liquid flames!
* * * LOW HITPOINT WARNING * * *
Unknown command.
Unknown command.
You are covered in liquid flames!
* * * LOW HITPOINT WARNING * * *
The sun demon hits you!
* * * LOW HITPOINT WARNING * * *
You are engulfed in flames!
You resist.
You die...

#...........###.........
###..........# ##........
###.#.........## #........
#.#........#### ##.......
##............##
###.......
##.#########..###.#.......
#.##).o...#...#..........
#.#..)#38.#...#..........
#.#..o#.@.††.............
#.#_.4#####..............
#.#.... #.............#
#.#.... #.........###.#
#.##.... #........## #.#
#.#########.......## #.#
#..................# #.#
###########.......## #..
##.....## ###


You could see an orc high priest and a sun demon (summoned).

Vanquished Creatures
  Saint Roka (Orc:2)
  Nessos (Lair:6)
  Azrael (D:12)
  A boulder beetle (D:11)
  Harold (D:7)
  7 hydras
  2 two-headed ogres
  3 death yaks
  Nergalle (D:11)
  An orc high priest (Orc:2)
  A fire crab (Lair:6)
  Pikel (D:7)
  4 orc knights
  A manticore (D:12)
  An ugly thing (D:12)
  An orc sorcerer (D:12)
  A cyclops (D:12)
  7 deep elf magi (Orc:1)
  28 elephants
  7 black mambas
  19 cane toads
  3 rime drakes
  2 kobold demonologists (D:12)
  11 komodo dragons
  2 trolls (D:9)
  4 polar bears
  A hornet (Lair:5)
  20 blink frogs
  Prince Ribbit (D:7)
  2 slime creatures (Lair:4)
  A meliai zombie (D:12)
  3 redbacks (Lair:2)
  2 spriggans (Lair:3)
  A shadow (D:11)
  A wraith (D:10)
  3 wyverns
  57 yaks
  4 fire elementals (D:12)
  2 basilisks
  9 vampire mosquitoes
  Menkaure (D:7)
  5 wargs
  A soldier ant (D:12)
  14 water moccasins
  30 orc warriors
  3 hell hounds (D:12)
  A sky beast (D:8)
  3 black bears
  7 ogres
  An ice beast (D:5)
  3 phantoms
  2 eyes of draining
  7 wolves
  9 centaurs
  2 lemures (D:7)
  22 bullfrogs
  3 big kobolds
  2 scorpions
  4 wights (D:9)
  5 howler monkeys
  An electric eel (Lair:4)
  A crimson imp (D:6)
  2 bullfrog zombies (D:10)
  A quasit (D:12)
  4 hounds
  4 jellies
  3 centaur skeletons
  A gnoll shaman (Orc:2)
  27 orc wizards
  20 orc priests
  2 bullfrog skeletons (D:10)
  3 iguanas
  6 worker ants
  A hound zombie (D:10)
  3 hound skeletons
  A howler monkey skeleton (D:8)
  16 gnolls
  14 adders
  A river rat (D:5)
  A shadow imp (D:5)
  6 white imps
  An ufetubus (D:6)
  An adder skeleton (D:6)
  2 adder zombies
  4 worms
  12 dart slugs
  3 leopard geckos
  99 orcs
  8 bats
  8 giant cockroaches
  9 goblins
  11 hobgoblins
  4 jackals (D:5)
  10 quokkas
  6 frilled lizards
  22 kobolds
  2 leopard gecko skeletons
  A quokka skeleton (D:6)
  13 rats
678 creatures vanquished.

Vanquished Creatures (others)
  An orc priest (D:12)
  An orc wizard (Orc:2)
  4 bushes
  32 fungi
  105 plants
143 creatures vanquished.

Grand Total: 821 creatures vanquished

Notes
Turn   | Place    | Note
-------+----------+-------------------------------------------
     0 | D:1      | lunkers the Merfolk Gladiator began the quest for the Orb.
     0 | D:1      | Reached XP level 1. HP: 16/16 MP: 1/1
   145 | D:1      | Reached XP level 2. HP: 23/23 MP: 2/2
   230 | D:1      | Reached skill level 5 in Polearms
   551 | D:1      | Reached XP level 3. HP: 27/28 MP: 3/3
  1020 | D:2      | Found a glowing golden altar of the Shining One.
  1289 | D:2      | Reached XP level 4. HP: 28/35 MP: 4/4
  2077 | D:3      | Reached XP level 5. HP: 29/42 MP: 5/5
  3079 | D:4      | Found a blossoming altar of Fedhas.
  3231 | D:4      | Reached XP level 6. HP: 36/49 MP: 6/6
  3784 | D:5      | Entered Level 5 of the Dungeon
  3788 | D:5      | Found a staircase to the Ecumenical Temple.
  3798 | D:5      | HP: 1/49 [centaur/arrow (6)]
  4317 | D:4      | Reached skill level 5 in Fighting
  4317 | D:4      | Reached XP level 7. HP: 37/56 MP: 7/7
  4490 | Temple   | Entered the Ecumenical Temple
  4497 | Temple   | Became a worshipper of Warmaster Okawaru
  4729 | D:5      | Reached skill level 10 in Polearms
  4743 | D:5      | Reached skill level 1 in Invocations
  5258 | D:5      | Reached XP level 8. HP: 62/64 MP: 9/9
  5304 | D:5      | Got a shimmering chain mail
  5315 | D:5      | Identified the +4 chain mail of Polytheism {*Drain +Blink
                  | Regen+ Dex+7} (You found it on level 5 of the Dungeon)
  5366 | D:5      | Found an iron altar of Okawaru.
  5625 | D:6      | Found a sacrificial altar of Ru.
  5656 | D:6      | Found Qyuvicw's Jewellery Boutique.
  6009 | D:6      | Found a shimmering altar of Xom.
  6009 | D:6      | Found a burning altar of Makhleb.
  6013 | D:6      | Reached * piety under Okawaru
  6432 | D:7      | Noticed Pikel
  6473 | D:7      | Killed Pikel
  6834 | D:7      | Found an opulent altar of Gozag.
  6850 | D:7      | Noticed Harold
  6870 | D:7      | Killed Harold
  6870 | D:7      | Reached ** piety under Okawaru
  6871 | D:7      | Reached XP level 9. HP: 58/74 MP: 8/10
  6918 | D:7      | Noticed Prince Ribbit
  6930 | D:7      | Killed Prince Ribbit
  6981 | D:7      | Noticed Menkaure
  6989 | D:7      | Killed Menkaure
  7514 | D:8      | Found a snail-covered altar of Cheibriados.
  7710 | D:8      | Reached skill level 1 in Evocations
  7862 | D:8      | Found a hide-covered altar of Uskayaw.
  8047 | D:8      | Found a sparkling altar of Nemelex Xobeh.
  8246 | D:9      | Noticed a troll
  8254 | D:9      | Killed a troll
  8254 | D:9      | Reached *** piety under Okawaru
  8255 | D:9      | Reached XP level 10. HP: 79/82 MP: 12/12
  8375 | D:9      | Reached skill level 5 in Dodging
  8444 | D:9      | Found a shimmering blue altar of Sif Muna.
  8472 | D:9      | Found a transporter.
  8472 | D:9      | Found a transporter.
  8537 | D:9      | Found a runed translucent gate.
  8547 | D:9      | Noticed a two-headed ogre
  8557 | D:9      | Killed a two-headed ogre
  8557 | D:9      | Reached **** piety under Okawaru
  8619 | D:9      | Noticed Giavanni's ghost (novice FoFi)
  8631 | D:9      | Found a runed translucent gate.
  8632 | D:9      | Found a runed translucent gate.
  8888 | D:9      | Noticed a deep troll
  8891 | D:9      | Noticed a faun
  8891 | D:9      | a deep troll changed into a faun
  9027 | D:10     | Entered Level 10 of the Dungeon
  9108 | D:10     | Found Seudwot's Magic Scroll Shoppe.
  9231 | D:10     | Reached ***** piety under Okawaru
  9232 | D:10     | Reached skill level 10 in Fighting
  9298 | D:10     | Reached XP level 11. HP: 90/91 MP: 13/13
  9312 | D:10     | Found a staircase to the Lair.
 10314 | Lair:1   | Entered Level 1 of the Lair of Beasts
 10438 | Lair:1   | Reached skill level 10 in Dodging
 11299 | Lair:1   | Received a gift from Okawaru
 11428 | Lair:2   | Noticed an eight-headed hydra
 11441 | Lair:1   | Killed an eight-headed hydra
 11613 | Lair:2   | Reached skill level 5 in Armour
 11613 | Lair:2   | Reached XP level 12. HP: 75/101 MP: 11/14
 11793 | Lair:2   | Reached skill level 15 in Polearms
 11949 | Lair:2   | Found a staircase to the Swamp.
 11976 | Lair:2   | You fall into a shaft and drop 1 floor!
 11985 | Lair:3   | Noticed a six-headed hydra
 12022 | Lair:3   | Received a gift from Okawaru
 12438 | Lair:2   | Found a hole to the Spider Nest.
 13162 | Lair:3   | Reached ****** piety under Okawaru
 13347 | Lair:3   | Reached skill level 5 in Invocations
 13348 | Lair:3   | Killed a six-headed hydra
 13473 | Lair:3   | Received a gift from Okawaru
 13498 | Lair:3   | Reached XP level 13. HP: 95/109 MP: 17/17
 14692 | Lair:4   | Found an opulent altar of Gozag.
 15607 | Lair:5   | Found a staircase to the Slime Pits.
 15759 | Lair:5   | Received a gift from Okawaru
 16248 | Lair:5   | Received a gift from Okawaru
 16423 | Lair:5   | Reached XP level 14. HP: 96/119 MP: 20/20
 16688 | Lair:6   | Entered Level 6 of the Lair of Beasts
 16987 | Lair:6   | Reached skill level 15 in Dodging
 17000 | Lair:6   | Noticed Nessos
 17013 | Lair:6   | Killed Nessos
 17023 | Lair:6   | Received a gift from Okawaru
 17026 | Lair:6   | Got a bloodstained plate armour {god gift}
 17081 | Lair:6   | Found a dark tunnel.
 17216 | Lair:6   | Reached skill level 15 in Fighting
 18271 | D:11     | Found a runed translucent door.
 18276 | D:11     | Noticed Sun's ghost (journeyman DrTm)
 18375 | D:11     | Noticed Nergalle
 18409 | D:11     | Killed Nergalle
 18792 | D:12     | Reached skill level 5 in Evocations
 19102 | D:12     | Received a gift from Okawaru
 19109 | D:12     | Reached XP level 15. HP: 81/129 MP: 18/21
 19345 | D:12     | Noticed Azrael
 19368 | D:12     | Killed Azrael
 19406 | D:12     | Found a staircase to the Orcish Mines.
 19640 | Orc:1    | Entered Level 1 of the Orcish Mines
 20065 | Orc:1    | Gained mutation: Your magical capacity is low. (-10% MP) [a
                  | neqoxec]
 20331 | Orc:1    | Noticed a tentacled starspawn
 20342 | Orc:1    | Found a transporter.
 20406 | Orc:1    | Found a transporter.
 20517 | Orc:1    | Found a one-way gate to the infinite horrors of the Abyss.
 20517 | Orc:1    | Noticed Pooter's ghost (journeyman HOFi)
 20517 | Orc:1    | Identified the +10 battleaxe of Famine {distort, MR+}
 20517 | Orc:1    | Noticed an orc warlord
 20620 | Orc:2    | Entered Level 2 of the Orcish Mines
 20808 | Orc:2    | Found Cemin's Book Shop.
 20846 | Orc:2    | Noticed Saint Roka
 20879 | Orc:2    | Killed Saint Roka
 21016 | Orc:2    | Found a roughly hewn altar of Beogh.
 21016 | Orc:2    | Found Umoch's Antique Armour Shop.
 21021 | Orc:2    | Found Moma's Antique Weapon Boutique.
 21032 | Orc:2    | Bought a pair of runed boots for 127 gold pieces
 21032 | Orc:2    | Bought a twisted ring mail for 153 gold pieces
 21056 | Orc:2    | Identified the +3 ring mail of Utwez {MR+} (You bought it
                  | in a shop on level 2 of the Orcish Mines)
 21060 | Orc:2    | Identified the +1 plate armour of the Soldier {rC++}
                  | (Okawaru gifted it to you on level 6 of the Lair of Beasts)
 21134 | Orc:2    | Found a roughly hewn altar of Beogh.
 21136 | Orc:2    | Found Jumiown's Armour Emporium.
 21293 | Orc:2    | Found a staircase to the Elven Halls.
 21487 | Orc:2    | Found a roughly hewn altar of Beogh.
 21596 | Orc:2    | Found a roughly hewn altar of Beogh.
 21688 | Orc:2    | Found a roughly hewn altar of Beogh.
 21716 | Orc:2    | Slain by a sun demon

Illustrated notes

Levels and vault maps discovered:
D:1:      kilobyte_arrival_exit_the_forest, layout_basic
D:2:      layout_loops_ring, tso_metal_star
D:3:      kennysheep_slugbush, layout_loops_ring, minmay_close_crescents
D:4:      layout_basic, fedhas_altar_2
D:5:      layout_rooms, minmay_temple_entry_purple_smoke,
          lightli_sewer_entry_pipes, okawaru_altar_gauntlet_db
D:6:      layout_loops_cross, general_overflow_altar,
          grunt_temple_overflow_champion_of_chaos, serial_shops, shop
D:7:      layout_loops_corners, nicolae_gozag_cash_rules_everything_around_me,
          uniq_harold, uniq_pikel, uniq_menkaure, uniq_prince_ribbit1
D:8:      cheibrodos_quashed, layout_basic, kennysheep_little_box,
          lemuel_coloured_pillars_altar, cheibriados_altar_1
D:9:      gammafunk_beogh_shrine, layout_irregular_city, lemuel_round_altar,
          gammafunk_ghost_split
D:10:     layout_stronghold, lair_entry_dummy, serial_shops, shop,
          grunt_decor_fettered, corexii_corridor_pit, nooodl_orcs_dogs
D:11:     layout_basic, ebering_ghost_reflecting_pool, uniq_nergalle
D:12:     layout_cave_pools, david_orc_3, uniq_azrael
Temple:   nicolae_temple_no_exploring_needed
Lair:1:   layout_cave_pods
Lair:2:   layout_small_grid, swamp_mist_pool, spider_nest_entry_webs,
          grunt_megastairs_2
Lair:3:   layout_gridlike, serial_bayou_pond_a, forest_entry_grove
Lair:4:   layout_regular_city, lemuel_centaur_altar, infiniplex_staircase_pool
Lair:5:   layout_roguey, minmay_slime_entry_pillars
Lair:6:   minmay_lair_end_frog_pond, layout_cave_pods,
          nicolae_volcano_entry_lava_flow, st_stairs_9, serial_bayou_shore_b,
          uniq_sonja, uniq_nessos
Orc:1:    nicolae_orc_accident_1, layout_caves, gammafunk_ghost_abyssal_escape,
          elves_outpost_lemuel
Orc:2:    grunt_orc_community_town_hall, layout_diamond_mine,
          grunt_orc_community_big_house_1, grunt_orc_community_big_house_2,
          grunt_orc_community_house_3, grunt_orc_community_house_2,
          grunt_orc_community_house_2, grunt_orc_community_house_1,
          grunt_orc_community_house_1, grunt_orc_community_house_3,
          serial_shops, nicolae_shop_stone

Skill      XL: |  1  2  3  4  5  6  7  8  9 10 11 12 13 14 15 |
---------------+----------------------------------------------+-----
Polearms       | 5 6 8 9 10 13 14 15 16 | 16.0
Fighting       | 3 4 5 7 8 10 11 12 13 15 | 15.8
Invocations    | 1 2 3 5 8 |  8.0
Armour         | 3 4 5 6 7 8 |  8.1
Evocations     | 2 4 5 6 |  6.8
Dodging        | 8 10 12 14 16 | 16.7
Throwing       | |  2.0

Action                   |  1- 3 |  4- 6 |  7- 9 | 10-12 | 13-15 || total
-------------------------+-------+-------+-------+-------+-------++-------
Melee: Trident           |    83 |   216 |    36 |       |       ||   335
       Tailslap          |       |     1 |     4 |     4 |     3 ||    12
       Halberd           |       |       |   290 |   719 |       ||  1009
       Glaive            |       |       |       |    84 |  1408 ||  1492
Throw: Dart              |    58 |    50 |    22 |    42 |   198 ||   370
Invok: Heroism           |       |       |     2 |    17 |    20 ||    39
Evoke: Wand              |       |       |       |     9 |    32 ||    41
  Use: Scroll            |       |       |    23 |     7 |    11 ||    41
       Potion            |       |       |       |       |     2 ||     2
 Stab: Sleeping          |     1 |       |     1 |       |       ||     2
       Paralysed         |       |       |       |       |     3 ||     3
Armor: Leather armour    |     5 |       |       |       |       ||     5
       Ring mail         |     6 |    29 |    25 |       |       ||    60
       Chain mail        |       |       |    84 |   281 |   557 ||   922
Dodge: Dodged            |    42 |   100 |   125 |   445 |  1367 ||  2079
Block: Other             |       |       |       |   114 |   388 ||   502
       Reflection        |       |       |       |       |    23 ||    23

Table legend: (Time is in decaauts)
 A = Elapsed time spent in this place.
 B = Non-inter-level travel time spent in this place.
 C = Inter-level travel time spent in this place.
 D = Time resting spent in this place.
 E = Time spent auto-exploring this place.
 F = Levels seen in this place.
 G = Mean time per level.
                   A        B        C        D        E       F      G
               +--------+--------+--------+--------+--------+-----+--------+
         Total |  21145 |  20409 |    736 |   1579 |  13964 |  21 | 1006.9 |
       Dungeon |  11711 |  11215 |    496 |    563 |   8379 |  12 |  975.9 |
        Temple |    222 |    222 |      0 |    210 |      0 |   1 |  222.0 |
          Lair |   7184 |   6969 |    215 |    627 |   4448 |   6 | 1197.3 |
  Orcish Mines |   2026 |   2002 |     24 |    179 |   1137 |   2 | 1013.0 |
               +--------+--------+--------+--------+--------+-----+--------+

Top non-repeatable levels by time:
  Lair:5: 1492 daAuts
     D:4: 1411 daAuts
  Lair:1: 1343 daAuts
  Lair:4: 1317 daAuts
    D:10: 1233 daAuts
  Lair:2: 1198 daAuts
  Lair:3: 1154 daAuts
   Orc:2: 1067 daAuts
     D:2: 1026 daAuts
     D:7: 1017 daAuts
     D:1: 983 daAuts
   Orc:1: 959 daAuts
     D:3: 941 daAuts
    D:12: 929 daAuts
    D:11: 895 daAuts
